 Dungeon Crawl Stone Soup version 0.28.0 (webtiles) character file.

Game seed: 5282781929754804541

571 Crownlay the Shield-Bearer (level 7, 0/64 HPs)
             Began as a Minotaur Fighter on Feb 11, 2022.
             Was an Initiate of Cheibriados.
             Slain by a jelly (3 damage)
             ... on level 5 of the Dungeon.
             The game lasted 00:03:43 (3514 turns).

Crownlay the Shield-Bearer (Minotaur Fighter)       Turns: 3514, Time: 00:03:44

Health: 0/64       AC: -7    Str: 22    XL:     7   Next: 11%
Magic:  6/6        EV: 24    Int:  6    God:    Cheibriados [......]
Gold:   214        SH:  5    Dex: 12    Spells: 6/6 levels left

rFire   . . .      SeeInvis .   a - +0 trident
rCold   . . .      Faith    .   c - +0 buckler
rNeg    . . .      Spirit   .   b - +0 scale mail
rPois   .          Reflect  .   (helmet restricted)
rElec   .          Harm     .   (no cloak)
rCorr   .          Rampage  .   i - +0 pair of gloves
Will    .....                   (no boots)
Stlth   ..........              p - amulet of the acrobat
HPRegen 0.20/turn               (no ring)
MPRegen 0.10/turn               (no ring)

@: corroded, acrobatic, very slow
A: horns 2, retaliatory headbutt
a: Renounce Religion


You were on level 5 of the Dungeon.
You worshipped Cheibriados.
Cheibriados was noncommittal.
You visited 1 branch of the dungeon, and saw 5 of its levels.

You collected 214 gold pieces.

Inventory:

Hand Weapons
 a - a +0 trident (weapon)
Missiles
 q - 3 silver boomerangs (quivered)
Armour
 b - a +0 scale mail (worn)
 c - a +0 buckler (worn)
 i - a +0 pair of gloves (worn)
Jewellery
 g - a ring of fire
 n - a ring of fire
 p - an amulet of the acrobat (around neck)
Scrolls
 h - a scroll of acquirement {unknown}
 l - 4 scrolls of teleportation
 m - a scroll of silence {unknown}
 o - a scroll of enchant armour {unknown}
 s - a scroll of summoning {unknown}
 t - a scroll of blinking {unknown}
 v - a scroll of fear {unknown}
 w - 3 scrolls of identify
Potions
 d - 3 potions of might
 e - a potion of heal wounds {unknown}
 f - 2 potions of curing
 j - a potion of brilliance {unknown}
 k - 2 potions of magic
 r - a potion of mutation {unknown}
 u - a potion of degeneration {unknown}


   Skills:
 + Level 6.3 Fighting
 + Level 5.8 Polearms
 - Level 3.7 Armour
 + Level 6.3 Shields


You had 6 spell levels left.
You didn't know any spells.
Your spell library contained the following spells:

 Spells                   Type           Power      Damage    Failure   Level
 Animate Skeleton         Necr           0%         N/A       85%         1
 Pain                     Necr           0%         1d4       85%         1
 Vampiric Draining        Necr           0%         2d6       99%         3


Dungeon Overview and Level Annotations

Branches:
Dungeon (5/15)             Temple (0/1) D:5

Altars:
Cheibriados
Trog
Vehumet


Innate Abilities, Weirdness & Mutations

You have a pair of horns on your head.
You reflexively headbutt those who attack you in melee.


Message History

You hit the jelly but do no damage.
Your hands burn!
The jelly is moderately wounded.
The jelly hits you. The acid corrodes you!
You are splashed with acid!
The jelly closely misses you.
You hit the jelly but do no damage.
Your hands burn!
The jelly is moderately wounded.
The jelly barely misses you. You furiously retaliate!
You headbutt the jelly. You hit the jelly but do no damage.
The acid corrodes you!
Your hands burn!
The jelly is heavily wounded.
The jelly hits you. The acid corrodes you!
You are splashed with acid!
You are too injured to fight recklessly!
You are too injured to fight recklessly!
You are too injured to fight recklessly!
You are too injured to fight recklessly!
You are too injured to fight recklessly!
You hit the jelly but do no damage.
Your hands burn!
You headbutt the jelly, but do no damage.
The jelly is heavily wounded.
The jelly hits you.
You are splashed with acid!
* * * LOW HITPOINT WARNING * * *
You hit the jelly but do no damage.
Your hands burn!
* * * LOW HITPOINT WARNING * * *
You headbutt the jelly.
The jelly is heavily wounded.
The jelly closely misses you.
You hit the jelly but do no damage.
Your hands burn!
* * * LOW HITPOINT WARNING * * *
The jelly is heavily wounded.
The jelly closely misses you. You furiously retaliate!
You headbutt the jelly.
Okay, then.
Okay, then.
Okay, then.
You hit the jelly but do no damage. The acid corrodes you!
Your hands burn!
* * * LOW HITPOINT WARNING * * *
The jelly is heavily wounded.
An iguana comes into view.
You block the ogre's attack. You block the jelly's attack.
The iguana hisses angrily.
The jelly hits you.
You die...

.... ..........# #....
....#######..### #....
...l......#..#####.....#
..........#......#.....#
.........'......+.....+
.........########.....#
####...............# #
#O.......... .
#.@......... .
#J.......... #+
#....######. #. .....#
#. ......# .....#.
.......# .....#.
........# ....##
+###....## #.... #....


You could see an ogre, an iguana and a jelly.

Vanquished Creatures
  A black bear (D:4)
  A phantom (D:4)
  A hound (D:5)
  2 orc priests
  A bullfrog skeleton (D:5)
  2 iguanas (D:4)
  2 orc wizards (D:4)
  A hound zombie (D:5)
  2 hound skeletons
  6 adders
  3 worms
  8 orcs
  5 ball pythons
  6 endoplasms
  3 giant cockroaches
  7 goblins
  7 hobgoblins
  8 jackals
  3 kobolds
  3 quokkas (D:1)
  4 bats (D:1)
  4 frilled lizards
  5 rats
85 creatures vanquished.

Vanquished Creatures (others)
  A wizard (D:3)
  A kobold (D:4)
  3 plants (D:2)
  4 toadstools (D:1)
9 creatures vanquished.

Grand Total: 94 creatures vanquished

Notes
Turn   | Place    | Note
-------+----------+-------------------------------------------
     0 | D:1      | Crownlay the Minotaur Fighter began the quest for the Orb.
     0 | D:1      | Reached XP level 1. HP: 19/19 MP: 0/0
   122 | D:1      | Reached XP level 2. HP: 27/27 MP: 1/1
   678 | D:1      | Reached XP level 3. HP: 33/33 MP: 2/2
  1121 | D:2      | Reached XP level 4. HP: 41/41 MP: 3/3
  2089 | D:3      | Found a bloodstained altar of Trog.
  2091 | D:3      | Noticed a wizard
  2096 | D:3      | Killed a wizard
  2272 | D:4      | Found a radiant altar of Vehumet.
  2277 | D:4      | Reached XP level 5. HP: 47/47 MP: 4/4
  2301 | D:4      | Reached skill level 5 in Fighting
  2301 | D:4      | Reached skill level 5 in Shields
  2743 | D:4      | Found a snail-covered altar of Cheibriados.
  2822 | D:4      | Noticed a phantom
  2842 | D:4      | Killed a phantom
  2843 | D:4      | Reached skill level 5 in Polearms
  2843 | D:4      | Reached XP level 6. HP: 49/57 MP: 5/5
  2892 | D:4      | Became a worshipper of Cheibriados the Contemplative
  3292 | D:5      | Entered Level 5 of the Dungeon
  3307 | D:5      | Found a staircase to the Ecumenical Temple.
  3362 | D:5      | Reached XP level 7. HP: 63/63 MP: 6/6
  3513 | D:5      | HP: 2/64 [acid (4)]
  3514 | D:5      | Slain by a jelly

Illustrated notes

Levels and vault maps discovered:
D:1:      ldierk_walled_garden_2, layout_loops_cross, nrook_mini_vaults,
          minmay_misc_feat_plants, st_stairs_10, minmay_misc_feat_roman
D:2:      layout_basic, serial_forest, infiniplex_forest_straight_2,
          infiniplex_forest_lined_3_way, infiniplex_forest_clump_diagonal,
          infiniplex_forest_end_2, infiniplex_forest_lined_corner,
          infiniplex_forest_lined_3, infiniplex_forest_straight_2,
          minmay_split_cup_large
D:3:      layout_basic, trog_wizard, hangedman_decor_points
D:4:      layout_loops_cross, lemuel_coloured_pillars_altar, fiery_altar_vehumet
D:5:      layout_gridville, mainiacjoe_overflow_alcove_2, temple_statues,
          minmay_ruined_shrine, uniq_edmund, uniq_sigmund

Skill      XL: |  1  2  3  4  5  6 |
---------------+-------------------+-----
Shields        | 4 5 6 |  6.3
Fighting       | 4 5 6 |  6.3
Polearms       | 3 4 5 |  5.8
Armour         | |  3.7

Action                   |  1- 3 |  4- 6 |  7- 9 || total
-------------------------+-------+-------+-------++-------
Melee: Trident           |    94 |   114 |    20 ||   228
       Headbutt          |    14 |    18 |     6 ||    38
  Use: Scroll            |       |     3 |       ||     3
Armor: Scale mail        |    30 |    49 |     6 ||    85
Dodge: Dodged            |    36 |    43 |     9 ||    88
Block: Buckler           |    13 |    22 |     2 ||    37
